 Dungeon Crawl Stone Soup version 0.21-a0-504-g2eda330 (webtiles) character file.

1948 slep the Poker (level 8, -2/93 HPs)
             Began as a Demonspawn Monk on Nov 27, 2017.
             Was a Believer of Okawaru.
             Slain by an ogre
             ... wielding a +0 giant spiked club
              (8 damage)
             ... on level 9 of the Dungeon.
             The game lasted 00:23:33 (5192 turns).

slep the Poker (Demonspawn Monk)                    Turns: 5192, Time: 00:23:34

Health: -2/93      AC: 24    Str: 14    XL:     8   Next: 98%
Magic:  8/8        EV:  2    Int: 11    God:    Okawaru [**....]
Gold:   292        SH:  4    Dex: 14    Spells: 7/7 levels left

rFire    . . .     SeeInvis .   a - +0 spear
rCold    . . .     Gourm    .   h - +0 buckler
rNeg     + + +     Faith    .   (armour currently unavailable)
rPois    +         Spirit   .   (helmet currently unavailable)
rElec    .         Reflect  .   (cloak currently unavailable)
rCorr    .         Harm     .   (gloves currently unavailable)
MR       .....     NoTele   +   (boots currently unavailable)
Stlth    ++........             (no amulet)
HPRegen  0.25/turn              l - ring of positive energy
MPRegen  0.11/turn              (no ring)

@: lethally poisoned (-2 -> -2), tree-form
A: clumsy 1, demonic guardian 2
a: Heroism, Renounce Religion


You were on level 9 of the Dungeon.
You worshipped Okawaru.
Okawaru was pleased with you.
You were not hungry.
You were a tree.
You visited 2 branches of the dungeon, and saw 9 of its levels.

You collected 292 gold pieces.

Inventory:

Hand Weapons
 a - a +0 spear (weapon)
Armour
 b - a +0 robe
 e - a scarf of spirit shield (melded)
 h - a +0 buckler (worn)
 m - a +2 robe of fire resistance
 x - a +0 chain mail (melded)
Jewellery
 l - a ring of positive energy (left branch)
 v - an uncursed amulet of faith {unknown}
Wands
 A - a wand of acid (8)
 D - a wand of paralysis (16)
Scrolls
 d - 4 scrolls of teleportation {unknown}
 g - 6 scrolls of remove curse {unknown}
 j - 2 scrolls of enchant armour {unknown}
 n - 6 scrolls of identify {unknown}
 r - 2 scrolls of enchant weapon {unknown}
 u - a scroll of fear {unknown}
 w - a scroll of blinking {unknown}
 y - a scroll of noise {unknown}
Potions
 i - a potion of berserk rage {unknown}
 o - 2 potions of lignification
 p - a potion of resistance {unknown}
 q - a potion of flight
 s - a potion of ambrosia {unknown}
 z - a potion of might {unknown}
 B - a potion of mutation {unknown}
 C - a potion of degeneration {unknown}
 F - a potion of curing {unknown}
Comestibles
 c - 5 bread rations
 k - 2 royal jellies
 t - 3 meat rations
 E - 7 chunks of flesh


   Skills:
 + Level 5.2 Fighting
 + Level 7.8 Polearms
 + Level 0.1 Throwing
 + Level 4.4 Armour
 + Level 3.9 Dodging
 + Level 3.2 Stealth
 + Level 2.6 Shields


You had 7 spell levels left.
You didn't know any spells.

Dungeon Overview and Level Annotations

Branches:
Dungeon (9/15)             Temple (1/1) D:5
   Lair: D:8-11         Orc: D:9-12

Altars:
Ashenzari
Cheibriados
Dithmenos
Elyvilon
Fedhas
Hepliaklqana
Kikubaaqudgha
Makhleb
Nemelex Xobeh
Okawaru
Qazlal
Ru
Sif Muna
Uskayaw
Vehumet
Wu Jian
Xom
Zin
The Shining One

Annotations:
D:9 Erica


Innate Abilities, Weirdness & Mutations

((You are partially covered in molten scales. (AC +2)))
A demonic guardian rushes to your aid.
((You are partially covered in sharp spines.))
You are clumsy. (Dex -2)
((Your flesh is heat resistant. (rF+)))


Message History

The ogre is almost dead.
You feel sick. The ogre is struck by your spines.
The ogre hits you with a giant spiked club!
* * * LOW HITPOINT WARNING * * *
You hit the ogre but do no damage.
The ogre is almost dead.
You closely miss the ogre.
The ogre is almost dead.
The ogre closely misses you.
Unknown command.
It was a potion of lignification.
You turn into a tree.
Your scarf of spirit shield melds into your body.
Your +0 chain mail melds into your body.
You feel strangely alone.
Your roots penetrate the ground.
The ogre hits you with a giant spiked club.
* * * LOW HITPOINT WARNING * * *
It was a potion of magic.
Magic courses through your body.
You feel sick.
It was a potion of flight.
Your roots keep you in place.
The ogre hits you with a giant spiked club!
You die...

#### ####...#
#......#
##......#
#...∩...#
........#########
#..K............
####K.)....(....
#4♣OsK..........
#.###...........
... #...........
..###
#........... .>.
#........... ..
######.##### # .#
.


You could see a big kobold, an ogre, a scorpion, a kobold and a friendly ice
devil.

Vanquished Creatures
  An ice beast (D:9)
  A phantom (D:8)
  2 sky beasts
  3 ogres
  Blork the orc (D:5)
  A scorpion (D:4)
  2 crimson imps
  2 bullfrog zombies
  An orc priest (D:4)
  An iguana (D:3)
  Jessica (D:2)
  2 worker ants (D:5)
  5 adders
  An ufetubus (D:9)
  An ooze (D:5)
  2 adder skeletons (D:5)
  3 worms
  A dart slug (D:1)
  6 leopard geckos
  15 orcs
  4 giant cockroaches
  6 goblins
  4 hobgoblins
  2 jackals (D:6)
  5 quokkas
  A ball python (D:2)
  4 bats
  4 frilled lizards
  5 kobolds
  A quokka skeleton (D:4)
  14 rats
102 creatures vanquished.

Vanquished Creatures (collateral kills)
  The ghost of Snicker the Sneak, a novice GrVM (D:6)
  A hornet (D:8)
  2 water moccasins
  An ice beast (D:8)
  A phantom (D:4)
  3 ogres (D:5)
  A scorpion (D:9)
  3 killer bees (D:8)
  2 orc priests (D:8)
  A centaur skeleton (D:6)
  A giant cockroach (D:6)
  A jackal (D:6)
  A ball python (D:5)
19 creatures vanquished.

Grand Total: 121 creatures vanquished

Notes
Turn   | Place    | Note
-------+----------+-------------------------------------------
     0 | D:1      | slep the Demonspawn Monk began the quest for the Orb.
     0 | D:1      | Reached XP level 1. HP: 18/18 MP: 1/1
   150 | D:1      | Gained mutation: A weak demonic guardian rushes to your aid. [demonic ancestry]
   150 | D:1      | Reached XP level 2. HP: 24/24 MP: 2/2
   643 | D:1      | Reached skill level 3 in Polearms
  1107 | D:2      | Noticed Jessica
  1110 | D:2      | Reached XP level 3. HP: 25/29 MP: 3/3
  1116 | D:2      | Killed Jessica
  1298 | D:2      | Found a sacrificial altar of Ru.
  1743 | D:3      | Gained mutation: You are partially covered in sharp spines. [demonic ancestry]
  1743 | D:3      | Reached XP level 4. HP: 32/35 MP: 4/4
  1777 | D:3      | Found a sparkling altar of Nemelex Xobeh.
  2507 | D:4      | Noticed an ogre
  2525 | D:3      | Gained mutation: You are partially covered in molten scales. (AC +2) [demonic ancestry]
  2525 | D:3      | Reached XP level 5. HP: 9/42 MP: 0/5
  2676 | D:4      | Reached skill level 4 in Polearms
  2676 | D:4      | Reached skill level 1 in Shields
  2684 | D:4      | Killed an ogre
  2684 | D:4      | Reached skill level 1 in Armour
  2799 | D:4      | Noticed an ogre
  2811 | D:4      | HP: 2/42 [ogre/giant club (8)]
  2823 | D:4      | Killed an ogre
  2823 | D:4      | Gained mutation: A demonic guardian rushes to your aid. [demonic ancestry]
  2823 | D:4      | Reached XP level 6. HP: 4/48 MP: 1/6
  3665 | D:5      | Entered Level 5 of the Dungeon
  3688 | D:5      | Noticed a water moccasin
  3691 | D:5      | Killed a water moccasin
  3691 | D:5      | Reached skill level 5 in Polearms
  3691 | D:5      | Reached XP level 7. HP: 40/54 MP: 4/7
  3759 | D:5      | Found a snail-covered altar of Cheibriados.
  3866 | D:5      | Reached skill level 6 in Polearms
  3869 | D:5      | Gained mutation: You are clumsy. (Dex -2) [mutagenic meat]
  3870 | D:5      | Gained mutation: Your flesh is heat resistant. (rF+) [mutagenic meat]
  3965 | D:5      | Found a staircase to the Ecumenical Temple.
  3971 | Temple   | Entered the Ecumenical Temple
  4286 | D:5      | Found a hazy altar of Hepliaklqana.
  4619 | D:5      | Noticed Blork the orc
  4633 | D:5      | Killed Blork the orc
  4633 | D:5      | Reached XP level 8. HP: 49/61 MP: 8/8
  4637 | D:5      | Found a deep blue altar of Sif Muna.
  4735 | D:6      | Noticed Snicker's ghost (novice GrVM)
  4748 | D:6      | Killed Snicker's ghost
  4788 | D:6      | Reached skill level 7 in Polearms
  5006 | D:6      | Found a shimmering altar of Xom.
  5009 | D:6      | Found a shimmering altar of Xom.
  5010 | D:6      | Found a shimmering altar of Xom.
  5015 | D:6      | Found a shimmering altar of Xom.
  5018 | D:6      | You fall through a shaft for 3 floors!
  5048 | D:8      | Reached skill level 5 in Fighting
  5120 | D:8      | Found an iron altar of Okawaru.
  5123 | D:8      | Became a worshipper of Warmaster Okawaru
  5123 | D:8      | Reached * piety under Okawaru
  5123 | D:8      | Reached ** piety under Okawaru
  5154 | D:8      | Noticed a hornet
  5157 | D:8      | Killed a hornet
  5174 | D:8      | You fall through a shaft!
  5174 | D:9      | Noticed Erica
  5174 | D:9      | Noticed a hippogriff
  5192 | D:9      | Slain by an ogre

Vault maps used:
D:1:      lightli_arrival_chessboard
D:2:      lemuel_coloured_pillars_altar, uniq_jessica
D:3:      nemelex_altar_shiori, first_bread, minmay_misc_feat_iff,
          kennysheep_generic_room_6
D:4:      kennysheep_doodads
D:5:      cheibrodos_worm_habitat, lemuel_crystal_altar, tgw_sif,
          minmay_temple_entry_statues_pillars
D:6:      xom_redecorated, mrwooster_statue_mirror
D:8:      kennysheep_mini_moat
D:9:      lemuel_mausoleum_altar_yredelemnul, minmay_lair_entry_grove,
          serial_ice, serial_ice_f, serial_ice_h, serial_ice_a, serial_ice_m,
          uniq_psyche, uniq_erolcha, uniq_erica
Temple:   chequers_temple_sunken

Skill      XL: |  1  2  3  4  5  6  7  8 |
---------------+-------------------------+-----
Dodging        | 3 |  3.9
Stealth        | 2 3 |  3.2
Polearms       | 3 4 5 6 7 |  7.8
Shields        | 1 2 |  2.6
Armour         | 1 2 4 |  4.4
Fighting       | 4 5 |  5.2
Throwing       | |  0.1

Action                   |  1- 3 |  4- 6 |  7- 9 || total
-------------------------+-------+-------+-------++-------
Melee: Spear             |   152 |   183 |   205 ||   540
Throw: Throwing net      |       |     1 |       ||     1
  Use: Potion            |       |       |     3 ||     3
 Stab: Sleeping          |     7 |     1 |       ||     8
       Held in net/web   |       |     1 |       ||     1
       Distracted        |       |       |     2 ||     2
  Eat: Chunk             |     1 |     8 |     7 ||    16
Armor: Robe              |    13 |     5 |       ||    18
       Chain mail        |       |    31 |    63 ||    94
Dodge: Dodged            |    77 |    30 |    33 ||   140
Block: Buckler           |    13 |    17 |    32 ||    62

Table legend:
 A = Spawn XP
 B = Non-spawn XP
 C = Spawn XP percentage of total XP
 D = Spawn monster count
 E = Non-spawn monster count
 F = Spawn count percentage of total count
 G = Total turns spent on level
                    A         B        C        D         E        F      G
               +---------+---------+-------+---------+---------+-------+---------
         Total |       0 |    2783 |   0.0 |       0 |     121 |   0.0 |  5192
               +---------+---------+-------+---------+---------+-------+---------
           D:1 |       0 |      37 |   0.0 |       0 |      21 |   0.0 |  1060
           D:2 |       0 |      56 |   0.0 |       0 |      13 |   0.0 |   540
           D:3 |       0 |     120 |   0.0 |       0 |      28 |   0.0 |   969
           D:4 |       0 |     384 |   0.0 |       0 |      14 |   0.0 |  1096
           D:5 |       0 |     847 |   0.0 |       0 |      20 |   0.0 |   839
           D:6 |       0 |     626 |   0.0 |       0 |      12 |   0.0 |   293
           D:8 |       0 |     566 |   0.0 |       0 |       9 |   0.0 |   140
           D:9 |       0 |     147 |   0.0 |       0 |       4 |   0.0 |    34
               +---------+---------+-------+---------+---------+-------+---------
